 Dungeon Sprint DCSS version 0.25-a0-413-g3b4b6a4ccc (webtiles) character file.

Game seed: 6348596599902172690, levelgen mode: deterministic

112 wilfster70 the Cudgeler (level 4, -1/30 HPs)
             Began as a Gargoyle Warper on Jan 15, 2020.
             Slain by Sigmund
             ... wielding a +0 scythe of protection
              (11 damage)
             ... in the Dungeon (Sprint I: "Red Sonja").
             The game lasted 00:01:03 (318 turns).

wilfster70 the Cudgeler (Gargoyle Warper)            Turns: 318, Time: 00:01:03

Health: -1/30      AC:  7    Str: 14    XL:     4   Next: 95%
Magic:  9/9        EV: 12    Int: 15    God:
Gold:   54         SH:  0    Dex:  9    Spells: 6/10 levels left

rFire    . . .     SeeInvis .   a - +0 mace
rCold    . . .     Gourm    .   (no shield)
rNeg     + . .     Faith    .   b - +0 leather armour
rPois    ∞         Spirit   .   (no helmet)
rElec    +         Reflect  .   (no cloak)
rCorr    .         Harm     .   (no gloves)
MR       .....     NoTele   +   (no boots)
Stlth    +.........             (no amulet)
HPRegen  0.10/turn              (no ring)
MPRegen  0.11/turn              (no ring)

@: no status effects
A: negative energy resistance 1, electricity resistance, unbreathing,
petrification resistance, rot immunity, AC +3
a: no special abilities


You were in the Dungeon.
You were not hungry.

You visited 1 branch You collected 54 gold pieces.

Inventory:

Hand Weapons
 a - a +0 mace (weapon)
Missiles
 e - 5 boomerangs of dispersal (quivered)
Armour
 b - a +0 leather armour (worn)
Scrolls
 d - 2 scrolls of blinking
Potions
 g - a potion of curing
 i - a potion of haste
 j - 2 potions of magic
Comestibles
 f - a ration


   Skills:
 + Level 4.7 Fighting
 * Level 5.7 Maces & Flails
 - Level 0.8 Throwing
 + Level 4.0 Armour
 + Level 3.4 Dodging
 + Level 3.8 Spellcasting
 - Level 2.6 Translocations


You had 6 spell levels left.
You knew the following spells:

 Your Spells              Type           Power        Failure   Level  Hunger
a - Blink                 Tloc           N/A          12%         2    ##.....
b - Shroud of Golubria    Chrm/Tloc      #.....       21%         2    ##.....

Your spell library contained the following spells:

 Spells                   Type           Power        Failure   Level  Hunger
 Gell's Gravitas          Tloc           ##........   22%         3    ###....
 Lesser Beckoning         Tloc           ##........   22%         3    ###....
 Teleport Other           Tloc           ##......     22%         3    ###....
 Passage of Golubria      Tloc           N/A          58%         4    ####...


Dungeon Overview and Level Annotations

Branches:
Dungeon (1/1)

Altars:

Annotations:
D Sigmund


Innate Abilities, Weirdness & Mutations

You are resistant to torment.
Your stone body is resilient. (AC +3)
You are immune to poison.
You resist negative energy. (rN+)
You are resistant to electric shocks. (rElec)
You can survive without breathing.
You are immune to petrification.
You are immune to rotting.


Message History

You miss something. Something hits you!
You hit something but do no damage. Something hits you!
* * * LOW HITPOINT WARNING * * *
You barely miss something. Something hits you.
* * * LOW HITPOINT WARNING * * *
You feel much better.
Your shroud unravels.
You barely miss something. Something hits you.
You hit something but do no damage. Something hits you!
You hit something but do no damage. You miss something. Something hits you.
You miss something.
You hear some strange, mumbled words.
A magic dart appears from out of thin air!
The magic dart hits you but does no damage.
You miss something. Something hits you.
You miss something. Something hits you but does no damage.
You barely miss something. You hit something but do no damage.
Something hits you!
You die...

#############
#<.#..)..#..+
#..'[.#..@{.#
#..#####'####
#..# #..#
#..# ####
#..# #⌠⌠#
####


There were no monsters in sight!

Vanquished Creatures
  An ogre (D)
  Ijyb (D)
2 creatures vanquished.

Notes
Turn   | Place    | Note
-------+----------+-------------------------------------------
     0 | D        | wilfster70 the Gargoyle Warper began the quest for the Orb.
     0 | D        | Reached XP level 1. HP: 12/12 MP: 3/3
     1 | D        | Noticed Ijyb
    15 | D        | Killed Ijyb
    15 | D        | Reached skill level 3 in Maces & Flails
    15 | D        | Reached XP level 2. HP: 12/19 MP: 3/5
    15 | D        | Reached XP level 3. HP: 14/23 MP: 4/7
   136 | D        | Noticed an ogre
   143 | D        | Killed an ogre
   143 | D        | Reached skill level 5 in Maces & Flails
   143 | D        | Reached XP level 4. HP: 21/30 MP: 7/9
   290 | D        | Learned a level 2 spell: Blink
   293 | D        | Learned a level 2 spell: Shroud of Golubria
   302 | D        | Noticed Sigmund
   318 | D        | Slain by Sigmund

Levels and vault maps discovered:
D:        dungeon_sprint_1 [red_sonja_temple_1, red_sonja_temple_small_1]

Skill      XL: |  1  2  3 |
---------------+----------+-----
Fighting       | 3 4 |  4.7
Maces & Flails | 3 5 |  5.7
Armour         | 2 4 |  4.0
Dodging        | 2 3 |  3.4
Spellcasting   | 3 |  3.8
Throwing       | |  0.8
Translocations | |  2.6

Action                   |  1- 3 |  4- 6 || total
-------------------------+-------+-------++-------
Melee: Mace              |    18 |    14 ||    32
 Cast: Shroud of Golubri |       |     1 ||     1
  Use: Potion            |     1 |     1 ||     2
Armor: Leather armour    |     8 |     2 ||    10
Dodge: Dodged            |     7 |     1 ||     8

Table legend:
 A = Non-vault XP
 B = Vault XP
 C = Vault XP percentage of total XP
 D = Non-vault monster count
 E = Vault monster count
 F = Vault count percentage of total count
                 A         B        C        D         E       F
            +---------+---------+-------+---------+---------+-------
      Total |       0 |     161 | 100.0 |       0 |       2 | 100.0
            +---------+---------+-------+---------+---------+-------
          D |       0 |     161 | 100.0 |       0 |       2 | 100.0
            +---------+---------+-------+---------+---------+-------
